Map: Alcyone LE

Players

null

  • Race: Zerg Zerg
  • League: Silver
  • Spawn Location: 1:00

PiG - Winner!

  • Race: Protoss Protoss
  • League: Grandmaster
  • Spawn Location: 7:00

VOD

Have the link to the VOD?

Description

Time

  • Played on: Dec. 12, 2023, 5:21 p.m.
  • Length: 13:52
Show
View Real Time Build Order
Export as new Build Order

null Zerg 

Build Orders: Hatch First 

Get SALT Encoding   

  12  0:00  Drone  
  13  0:13  Overlord  
  13  0:21  Drone  
  14  0:31  Drone x2  
  14  0:35  Drone  
  17  0:52  Hatchery  
  16  0:59  Drone x2  
  16  1:02  Extractor  
  17  1:08  Drone  
  18  1:20  Spawning Pool  
  18  1:23  Drone  
  18  1:29  Drone  
  19  1:39  Overlord  
  19  1:51  Drone  
  20  2:07  Queen x2  
  24  2:09  Zergling x4  
  26  2:19  Metabolic Boost  
  26  2:22  Drone x2  
  28  2:26  Drone  
  28  2:27  Drone  
  30  2:35  Drone  
  31  2:38  Drone  
  32  2:59  Hatchery  
  32  3:01  Drone x2  
  32  3:04  Queen  
  35  3:07  Overlord  
  35  3:13  Drone  
  35  3:15  Overlord x2  
  36  3:25  Drone x2  
  38  3:29  Drone x4  
  38  3:31  Drone  
  38  3:32  Drone  
  44  3:38  Extractor  
  44  3:41  Drone x2  
  45  4:05  Baneling Nest  
  45  4:06  Lair  
  44  4:12  Evolution Chamber  
  44  4:14  Evolution Chamber  
  42  4:18  Drone x4  
  42  4:19  Drone x8  
  54  4:48  Zerg Melee Weapons Level 1, Zerg Ground Armor Level 1  
  54  5:08  Hatchery  
  54  5:12  Hatchery  
  52  5:18  Queen  
  52  5:19  Queen  
  57  5:28  Zergling x8  
  57  5:29  Zergling x12  
  57  5:32  Overlord x5  
  57  5:33  Overlord  
  66  6:05  Drone x2  
  66  6:06  Drone  
  66  6:09  Centrifugal Hooks  
  69  6:12  Baneling x3  
  69  6:13  Baneling x18  
  69  6:25  Zergling x24  
  81  6:41  Drone x4  
  81  6:42  Drone x3  
  88  7:01  Hatchery  
  87  7:04  Zergling x20  
  87  7:05  Zerg Melee Weapons Level 2  
  97  7:12  Zergling x2  
  97  7:13  Zergling x4  
  100  7:17  Hatchery  
  99  7:42  Queen  
  101  7:58  Zergling x2  
  101  7:59  Zergling x34  
  101  8:02  Baneling  
  101  8:03  Baneling x13  
  101  8:04  Baneling x4  
  119  8:17  Zergling x2  
  119  8:18  Zergling x16  
  128  8:32  Queen  
  128  8:33  Queen  
  132  8:35  Zergling x12  
  132  8:39  Overlord x5  
  132  8:41  Overlord x4  
  138  8:46  Overseer x2  
  138  8:47  Overseer  
  119  9:01  Zergling x2  
  119  9:02  Zergling x36  
  119  9:03  Zergling x4  
  113  9:13  Baneling x9  
  113  9:15  Baneling  
  113  9:16  Zergling x12  
  113  9:17  Zergling x8  
  123  9:29  Zergling x14  
  130  9:49  Zergling x6  
  130  9:50  Zergling x18  
  117  10:20  Baneling x3  
  117  10:21  Baneling x10  
  117  10:25  Zergling x6  
  117  10:26  Zergling x44  
  83  11:28  Zergling x2  
  83  11:29  Zergling x28  
  94  11:46  Zergling x2  
  94  11:47  Zergling x12  
  77  11:57  Zergling x2  
  77  11:58  Zergling x18  
  77  12:01  Baneling x15  
  71  12:02  Baneling x2  
  47  12:23  Zergling x18  
Show
View Real Time Build Order
Export as new Build Order

PiG Protoss - Winner!

Build Orders: 1 Gate Expand, Archon Immortal 

Get SALT Encoding   

  12  0:00  Probe  
  13  0:12  Probe  
  14  0:23  Pylon  
  14  0:26  Probe  
  15  0:41  Probe (Chrono Boost)  
  16  0:43  Gateway  
  16  0:52  Assimilator  
  16  0:53  Probe (Chrono Boost)  
  17  0:59  Probe (Chrono Boost)  
  18  1:08  Probe  
  19  1:20  Probe  
  20  1:37  Nexus  
  20  1:41  Cybernetics Core  
  20  1:45  Probe  
  21  1:51  Assimilator  
  21  1:57  Probe  
  22  2:04  Pylon  
  22  2:10  Probe  
  23  2:22  Probe  
  24  2:23  Stalker  
  24  2:30  Warp Gate (Chrono Boost)  
  24  2:34  Probe  
  27  2:45  Robotics Facility  
  27  2:53  Probe x2  
  29  3:05  Probe x2  
  31  3:08  Stalker (Chrono Boost)  
  33  3:14  Probe  
  33  3:17  Probe  
  35  3:22  Probe  
  36  3:29  Probe  
  36  3:33  Pylon  
  37  3:38  Observer  
  38  3:47  Pylon  
  38  3:50  Probe x2 (Chrono Boost)  
  40  3:59  Immortal  
  40  4:02  Probe (Chrono Boost)  
  46  4:06  Gateway  
  46  4:07  Gateway  
  46  4:08  Probe (Chrono Boost)  
  47  4:10  Probe (Chrono Boost)  
  47  4:14  Probe (Chrono Boost)  
  48  4:25  Stalker  
  50  4:32  Probe  
  50  4:33  Probe  
  52  4:40  Assimilator  
  52  4:42  Assimilator  
  52  4:45  Probe x2  
  54  4:46  Robotics Bay  
  54  4:48  Robotics Facility  
  54  4:53  Immortal (Chrono Boost)  
  54  4:57  Probe x2  
  60  5:09  Probe  
  61  5:46  Pylon  
  61  5:48  Pylon  
  61  5:53  Pylon  
  61  5:54  Extended Thermal Lance  
  61  5:55  Pylon  
  61  5:56  Pylon  
  61  5:57  Pylon x2  
  61  6:01  Colossus (Chrono Boost)  
  61  6:03  Colossus (Chrono Boost)  
  73  6:12  Stalker x3  
  79  6:48  Immortal (Chrono Boost)  
  79  6:51  Immortal (Chrono Boost)  
  79  6:52  Twilight Council  
  79  6:53  Forge  
  87  6:57  Gateway  
  87  6:58  Gateway  
  87  6:59  Gateway x2  
  87  7:01  Gateway  
  87  7:07  Zealot x2  
  87  7:08  Zealot  
  93  7:23  Immortal (Chrono Boost)  
  93  7:24  Immortal (Chrono Boost)  
  101  7:38  Protoss Ground Weapons Level 1  
  101  7:41  Charge  
  101  7:49  Zealot x3  
  107  7:58  Colossus (Chrono Boost)  
  113  7:59  Templar Archives  
  113  8:21  Pylon  
  113  8:23  Pylon  
  113  8:25  Pylon  
  113  8:26  Pylon  
  113  8:27  Pylon  
  119  8:41  Warp Prism (Chrono Boost)  
  115  8:51  Zealot x8  
  93  9:07  Pylon  
  93  9:08  Colossus x2 (Chrono Boost)  
  104  9:20  Pylon  
  104  9:27  High Templar x3  
  104  9:28  High Templar  
  112  9:32  Archon x2  
  112  9:44  High Templar  
  114  9:46  High Templar  
  114  9:50  Archon  
  102  10:11  Cybernetics Core  
  102  10:12  Gateway  
  102  10:15  Gateway  
  102  10:39  Zealot x5  
  102  10:40  Zealot x2  
  110  11:06  High Templar x6  
  110  11:10  Archon x2  
  110  11:11  Archon  
  118  12:14  Zealot x7  
  126  12:58  Zealot  
  126  13:06  Zealot x6  
Tags
 
Add a new tag
Caveats
  • Supply blocks, unpowered buildings, or Contaminate may cause inaccurate times.
  • Supply counts are checked every 10 seconds.